Map: Data-C

Players

WakaK - Winner!

  • Race: Protoss Protoss
  • League: Diamond
  • Spawn Location: 9:00

Coach

  • Race: Terran Terran
  • League: Diamond
  • Spawn Location: 3:00

VOD

Have the link to the VOD?

Description

Time

  • Played on: Oct. 3, 2022, 9:43 a.m.
  • Length: 3:32
Show
View Real Time Build Order
Export as new Build Order

WakaK Protoss - Winner!

Build Orders:  

Get SALT Encoding   

  12  0:00  Probe  
  13  0:12  Probe  
  14  0:17  Pylon  
  14  0:24  Probe  
  15  0:37  Probe  
  15  0:38  Gateway  
  16  0:47  Pylon  
  16  0:52  Assimilator  
  16  1:06  Gateway  
  16  1:08  Probe (Chrono Boost)  
  18  1:18  Probe (Chrono Boost)  
  18  1:23  Probe (Chrono Boost)  
  19  1:27  Cybernetics Core  
  19  1:34  Probe  
  19  1:37  Zealot  
  22  1:44  Assimilator  
  22  1:47  Probe  
  23  1:59  Probe  
  24  2:04  Stalker (Chrono Boost)  
  24  2:05  Stalker (Chrono Boost)  
  28  2:16  Pylon  
  28  2:20  Probe  
  29  2:42  Stalker  
  29  2:43  Stalker  
  29  2:44  Pylon  
  33  2:54  Probe  
  33  2:56  Pylon  
  34  3:09  Shield Battery  
  34  3:19  Stargate  
  34  3:30  Shield Battery  
Show
View Real Time Build Order
Export as new Build Order

Coach Terran 

Build Orders: 2 Factory, Reaper Expand 

Get SALT Encoding   

  12  0:00  SCV  
  13  0:12  SCV  
  14  0:17  Supply Depot  
  14  0:24  SCV  
  15  0:38  SCV  
  15  0:39  Barracks  
  16  0:45  Refinery  
  16  0:50  SCV  
  17  1:03  SCV  
  18  1:15  SCV  
  19  1:30  Reaper  
  19  1:31  Orbital Command  
  20  1:44  Command Center  
  20  1:52  Refinery  
  20  1:57  SCV  
  21  2:03  Supply Depot  
  21  2:06  Barracks Reactor  
  21  2:09  SCV  
  22  2:22  Factory  
  22  2:26  SCV  
  22  2:38  SCV  
  22  2:42  Marine x2  
  25  2:48  Factory  
  25  2:50  SCV  
  25  3:07  Bunker  
  25  3:10  Marine  
  25  3:11  Marine  
Tags
 
Add a new tag
Caveats
  • Supply blocks, unpowered buildings, or Contaminate may cause inaccurate times.
  • Supply counts are checked every 10 seconds.